 Dungeon Crawl Stone Soup version 0.29-a0-321-gf1c400731a (webtiles) character file.

Game seed: 12753608160452528375

387 sammy202020 the Skirmisher (level 6, -1/49 HPs)
             Began as a Demonspawn Berserker on Apr 4, 2022.
             Was a Believer of Trog.
             Slain by an orc warrior
             ... wielding a +0 long sword
              (2 damage)
             ... on level 4 of the Dungeon.
             The game lasted 00:04:15 (4276 turns).

sammy202020 the Skirmisher (Demonspawn Berserker)   Turns: 4276, Time: 00:04:16

Health: -1/49      AC: 11    Str: 20    XL:     6   Next: 49%
Magic:  6/6        EV:  6    Int: 17    God:    Trog [**....]
Gold:   124        SH:  0    Dex: 12    Spells: 5/5 levels left

rFire   + . .      SeeInvis .   a - +0 hand axe
rCold   . . .      Faith    .   (no shield)
rNeg    + . .      Spirit   .   k - +0 plate armour
rPois   .          Reflect  .   (no helmet)
rElec   +          Harm     .   (no cloak)
rCorr   .          Rampage  .   (no gloves)
Will    .....                   (no boots)
Stlth   ..........              (no amulet)
HPRegen 0.16/turn               r - ring of Ittetax {rElec rF+ Str+3 Int+6}
MPRegen 0.10/turn               m - ring of positive energy

@: no status effects
A: demonic guardian 1, spiny 1
a: Renounce Religion, Berserk, Trog's Hand


You were on level 4 of the Dungeon.
You worshipped Trog.
Trog was pleased with you.
You visited 1 branch of the dungeon, and saw 4 of its levels.

You collected 124 gold pieces.

Inventory:

Hand Weapons
 a - a +0 hand axe (weapon)
 n - a +0 mace
Missiles
 j - 9 poisoned darts (quivered)
 s - 5 atropa-tipped darts
Armour
 k - a +0 plate armour (worn)
 t - a +2 cloak
Jewellery
 m - a ring of positive energy (right hand)
 r - the ring of Ittetax (left hand) {rElec rF+ Str+3 Int+6}
   (You found it on level 3 of the Dungeon)

   [ring of intelligence]

   Str:       It affects your strength (+3).
   Int:       It affects your intelligence (+6).
   rF:        It protects you from fire.
   rElec:     It insulates you from electricity.
 w - a ring of positive energy
Scrolls
 b - 4 scrolls of identify {unknown}
 e - a scroll of noise {unknown}
 f - 2 scrolls of enchant weapon {unknown}
 p - 2 scrolls of vulnerability {unknown}
 q - 2 scrolls of teleportation
 u - a scroll of acquirement {unknown}
Potions
 c - 2 potions of berserk rage {unknown}
 d - a potion of flight {unknown}
 g - 2 potions of haste {unknown}
 h - 3 potions of brilliance {unknown}
 i - a potion of attraction {unknown}
 l - 2 potions of degeneration {unknown}
 o - a potion of heal wounds {unknown}
 v - a potion of curing {unknown}


   Skills:
 * Level 4.7 Fighting
 * Level 4.2 Axes
 * Level 3.6 Armour
 + Level 2.8 Dodging


You had 5 spell levels left.
You didn't know any spells.
Your spell library was empty.

Dungeon Overview and Level Annotations

Branches:
Dungeon (4/15)
 Temple: D:4-7

Altars:
Gozag

Shops:
D:1 [!


Innate Abilities, Weirdness & Mutations

A weak demonic guardian rushes to your aid.
You are partially covered in sharp spines.


Message History

The orc warrior hits you with a +0 long sword.
You fail to use your ability.
You closely miss the orc. You closely miss the orc warrior.
The orc warrior hits you with a +0 long sword!
The orc hits you but does no damage.
You hit the orc.
The orc is lightly wounded.
You closely miss the orc warrior.
The orc warrior hits you with a +0 long sword.
The orc is struck by your spines. The orc barely misses you.
The orc hits you but does no damage.
The orc warrior hits you with a +0 long sword.
You hit the orc warrior but do no damage.
You hit the orc.
You kill the orc!
Trog accepts your kill. The orc warrior barely misses you.
You hit the orc warrior.
The orc warrior is lightly wounded.
The orc warrior hits you with a +0 long sword.
Unknown command.
You hit the orc warrior but do no damage.
The orc warrior hits you with a +0 long sword!
You hit the orc warrior but do no damage.
The orc warrior is struck by your spines.
The orc warrior hits you with a +0 long sword.
* * * LOW HITPOINT WARNING * * *
You hit the orc warrior.
The orc warrior is lightly wounded.
The orc warrior hits you but does no damage.
You barely miss the orc warrior.
The orc warrior is lightly wounded.
The orc warrior hits you with a +0 long sword!
* * * LOW HITPOINT WARNING * * *
A demonic guardian appears!
You hear a shout!
You hit the orc warrior.
The orc warrior is moderately wounded.
The orc warrior hits you with a +0 long sword.
You die...

#.# ##........)#
###..#
#.##.........#
......
#.###........#
..#.## #### #.#
##..<..... #...#
#... #.# ####.....
..## #... #.# #.####
... ... #.# #.# ##
### #)## #.# #.# #.
#o@# #.## #.# #.
##5###..######.###.
.#.................
#......#.######.....
####.....###....####
.....#......##.#
####.....#..##.###
#......###......##
#..####.######.#..#


You could see an orc warrior (ally target) and a friendly iron imp (summoned).

Vanquished Creatures
  A black bear (D:4)
  A howler monkey (D:3)
  A hound (D:4)
  Crazy Yiuf (D:3)
  Natasha (thrice) (D:3)
  4 adders
  An ufetubus (D:4)
  2 worms
  5 dart slugs
  4 orcs
  5 ball pythons
  7 endoplasms
  2 giant cockroaches (D:1)
  8 goblins
  7 hobgoblins
  3 jackals (D:1)
  A kobold (D:3)
  A quokka (D:3)
  3 bats
  3 frilled lizards
  3 rats
66 creatures vanquished.

Vanquished Creatures (collateral kills)
  A goblin (D:4)
1 creature vanquished.

Grand Total: 67 creatures vanquished

Notes
Turn   | Place    | Note
-------+----------+-------------------------------------------
     0 | D:1      | sammy202020 the Demonspawn Berserker began the quest for
                  | the Orb.
     0 | D:1      | Reached XP level 1. HP: 18/18 MP: 1/1
   316 | D:1      | Gained mutation: A weak demonic guardian rushes to your
                  | aid. [demonic ancestry]
   316 | D:1      | Reached XP level 2. HP: 24/24 MP: 2/2
   852 | D:1      | Found Ofetafir's Antique Armour Shoppe.
   906 | D:1      | Found Kuoxtieg's Distillery.
  1042 | D:2      | Found an opulent altar of Gozag.
  1161 | D:2      | Reached XP level 3. HP: 29/29 MP: 3/3
  1261 | D:2      | Reached ** piety under Trog
  2363 | D:3      | Reached XP level 4. HP: 37/37 MP: 4/4
  2534 | D:3      | Found a runed translucent door.
  2535 | D:3      | Noticed Crazy Yiuf
  2796 | D:3      | Noticed Natasha
  2805 | D:3      | Killed Natasha
  2893 | D:3      | Noticed Natasha
  2905 | D:3      | Killed Natasha
  2906 | D:3      | Reached XP level 5. HP: 16/42 MP: 5/5
  2975 | D:3      | Noticed Natasha
  2981 | D:3      | Killed Natasha
  3313 | D:3      | Identified the ring of Ittetax {rElec rF+ Str+3 Int+6}
  3444 | D:3      | Killed Crazy Yiuf
  3656 | D:4      | Noticed a black bear
  3675 | D:4      | Killed a black bear
  3676 | D:4      | Gained mutation: You are partially covered in sharp spines.
                  | [demonic ancestry]
  3676 | D:4      | Reached XP level 6. HP: 15/49 MP: 6/6
  4264 | D:4      | Noticed an orc warrior
  4275 | D:4      | HP: 1/49 [orc warrior/+0 long sword (12)]
  4276 | D:4      | Slain by an orc warrior

Illustrated notes

Levels and vault maps discovered:
D:1:      scummos_arrival_star, layout_basic, serial_shops,
          nicolae_shop_advertising_works [nicolae_subvault_shop_adworks],
          shop_fountains
D:2:      layout_basic, basic_altar, minmay_fractal_squares_gapless_5
D:3:      layout_rooms, minmay_unequal, uniq_crazy_yiuf_cottage, uniq_natasha
D:4:      layout_rooms

Skill      XL: |  1  2  3  4  5 |
---------------+----------------+-----
Armour         | 2 3 |  3.6
Axes           | 3 4 |  4.2
Dodging        | 2 |  2.8
Fighting       | 4 |  4.7

Action                   |  1- 3 |  4- 6 || total
-------------------------+-------+-------++-------
Melee: Hand axe          |   104 |   118 ||   222
       Punch             |     1 |     1 ||     2
Invok: Berserk           |       |     3 ||     3
  Use: Scroll            |     3 |       ||     3
Armor: Animal skin       |    11 |       ||    11
       Plate armour      |    30 |    90 ||   120
Dodge: Dodged            |    62 |    43 ||   105

Table legend: (Time is in decaauts)
 A = Elapsed time spent in this place.
 B = Non-inter-level travel time spent in this place.
 C = Inter-level travel time spent in this place.
 D = Time resting spent in this place.
 E = Time spent auto-exploring this place.
 F = Levels seen in this place.
 G = Mean time per level.
                   A        B        C        D        E       F      G
               +--------+--------+--------+--------+--------+-----+--------+
         Total |   4339 |   4282 |     57 |    773 |   2915 |   4 | 1084.8 |
       Dungeon |   4339 |   4282 |     57 |    773 |   2915 |   4 | 1084.8 |
               +--------+--------+--------+--------+--------+-----+--------+

Top non-repeatable levels by time:
     D:2: 1318 daAuts
     D:3: 1215 daAuts
     D:1: 1049 daAuts
     D:4: 756 daAuts
